 Dungeon Crawl Stone Soup version 0.18.1-48-g4cf74bf (webtiles) character file.

4983 Heedrag the Destroyer (level 10, -5/56 HPs)
             Began as a Deep Elf Conjurer on Aug 18, 2016.
             Slain by a yak (15 damage)
             ... on level 9 of the Dungeon.
             The game lasted 00:21:45 (10117 turns).

Heedrag the Destroyer (Deep Elf Conjurer)          Turns: 10117, Time: 00:21:46

Health: -5/56      AC:  3    Str: 16 (17) XL:     10   Next: 29%
Magic:  13/25      EV: 15    Int: 29      God:
Gold:   517        SH:  0    Dex: 15      Spells: 4 memorised, 14 levels left

rFire  . . .     SeeInvis .     J - +1 whip of the Egg {vamp, rElec rN+ Int+6} (curse)
rCold  . . .     Gourm    .     a - +0 robe
rNeg   + . .     Faith    .     (no shield)
rPois  .         Spirit   .     (helmet restricted)
rElec  +         Dismiss  +     (no cloak)
rCorr  .         Reflect  .     (no gloves)
SustAt .         Harm     .     H - +0 pair of boots
MR     +....                    k - amulet of dismissal
Stlth  ++........               (no ring)
                                w - +4 ring of strength

@: mighty, somewhat resistant to hostile enchantments, unstealthy
A: horns 1, clever 1, deterioration 1, sense surroundings 1, screaming 1
a: no special abilities


You were on level 9 of the Dungeon.
You were hungry.

You visited 2 branches of the dungeon, and saw 11 of its levels.

You collected 517 gold pieces.

Inventory:

Hand Weapons
 y - a +1 dagger of freezing
 A - a +0 war axe of electrocution
 J - the cursed +1 whip of the Egg (weapon) {vamp, rElec rN+ Int+6}
   (You found it on level 9 of the Dungeon)

   It inflicts no extra harm, but heals its wielder somewhat when it strikes a
   living foe.
   It affects your intelligence (+6).
   It insulates you from electricity.
   It protects you from negative energy.
   It has a curse placed upon it.
 L - a +2 dagger of venom
Armour
 a - a +0 robe (worn)
 h - a cursed +0 helmet
 H - a +0 pair of boots (worn)
Jewellery
 k - an amulet of dismissal (around neck)
 w - a +4 ring of strength (left hand)
Wands
 E - a wand of flame (37/48)
 G - a wand of polymorph (12/24)
Scrolls
 d - 2 scrolls of blinking {unknown}
 i - 5 scrolls of teleportation {unknown}
 j - 5 scrolls of identify
 o - 2 scrolls of fear {unknown}
 p - a scroll of amnesia {unknown}
 r - 3 scrolls of magic mapping
 u - 2 scrolls of fog {unknown}
 x - a scroll of enchant armour {unknown}
 D - a scroll of enchant weapon {unknown}
Potions
 e - 2 potions of might
 f - 2 potions of heal wounds {unknown}
 g - a potion of curing
 l - 3 potions of degeneration {unknown}
 s - 2 potions of agility {unknown}
 t - a potion of magic {unknown}
 v - 2 potions of mutation {unknown}
 B - 2 potions of flight {unknown}
 C - 2 potions of berserk rage {unknown}
 F - a potion of invisibility {unknown}
 I - a potion of lignification {unknown}
Books
 b - a book of Conjurations

   Spells                             Type                      Level
   a - Magic Dart                     Conjuration                  1
   b - Searing Ray                    Conjuration                  2
   c - Dazzling Spray                 Conjuration/Hexes            3
   d - Fulminant Prism                Conjuration/Hexes            4
   e - Iskenderun's Mystic Blast      Conjuration                  4
   f - Iskenderun's Battlesphere      Conjuration/Charms           5
 K - a book of the Warp

   Spells                             Type                      Level
   a - Recall                         Summoning/Translocation      3
   b - Gell's Gravitas                Hexes/Translocation          3
   c - Force Lance                    Conjuration/Translocation    4
   d - Warp Weapon                    Charms/Translocation         5
   e - Summon Forest                  Summoning/Translocation      5
 M - a book of the Tempests

   Spells                             Type                      Level
   a - Static Discharge               Conjuration/Air              3
   b - Lightning Bolt                 Conjuration/Air              5
   c - Fireball                       Conjuration/Fire             5
   d - Tornado                        Air                          9
   e - Shatter                        Earth                        9
Comestibles
 c - 9 bread rations
 m - 2 fruits
 q - 5 beef jerkies
 z - 5 meat rations


   Skills:
 + Level 3.4 Fighting
 + Level 6.1 Dodging
 - Level 2.4 Stealth
 + Level 9.9 Spellcasting
 * Level 11.4 Conjurations
 + Level 9.0 Charms


You had 14 spell levels left.
You knew the following spells:

 Your Spells              Type           Power        Failure   Level  Hunger
a - Magic Dart            Conj           ####         1%          1    None
b - Iskenderun's Mystic   Conj           ######..     1%          4    None
c - Iskenderun's Battles  Conj/Chrm      ######..     1%          5    ###....
d - Force Lance           Conj/Tloc      #####...     4%          4    None


Dungeon Overview and Level Annotations

Branches:
Dungeon (10/15)            Temple (1/1) D:4            Lair (0/8) D:9
    Orc (0/2) D:10

Altars:
Cheibriados
Dithmenos
Elyvilon
Fedhas
Gozag
Kikubaaqudgha
Makhleb
Nemelex Xobeh
Okawaru
Pakellas
Qazlal
Sif Muna
Trog
Xom
Yredelemnul
Zin
The Shining One

Shops:
D:5 *


Innate Abilities, Weirdness & Mutations

You have a pair of small horns on your head.
Your mind is acute. (Int +2)
Your body sometimes deteriorates upon taking damage.
You passively map a small area around you.
You occasionally shout uncontrollably at your foes.


Message History

Read which item? (? fer menu, 'sc ta quit) Okay, than.
Drink which item? (? fer menu, 'sc ta quit) It was a potion o' might.
Ye feel very mighty all o' a sudd'n.
Tha jackal bites ye but does nay damage.
Tha howler monkey hoots an' howls wit' incredible vigour!
Tha yak misses ye.
Tha jackal bites ye.
* * * LOW HITPOINT WARNIN'
* * * Ye hear a shout!
Drink which item? (? fer menu, 'sc ta quit) Ye feel better.
Tha yak gores ye but does nay damage.
Tha jackal barely misses ye.
Tha howler monkey hoots an' howls wit' incredible vigour!
Read which item? (? fer menu, 'sc ta quit) As ye read tha scroll labeled DIAXAI BUMM, it crumbles ta dust.
Ye feel aware o' yer surroundin's.
Ye sensed 2 altars.
It was a scroll o' magic mappin'.
Tha jackal closely misses ye.
Tha yak gores ye!
Ye die...

### ##.## ##...## ##.....## #
##.......#################### #
#...........hY@hhYh.........# #
##.......#######hYo.....###.###
#####.....########.#####..#
#.... .....)....†.........#
##.###.##P
.........#########.## #.....##.
#######..####### #.# ##.#Y###.
.....[.........# #.# #.###.##P
.........#####.# #[# ##.#.###.
....##..### **,* #.## *#..# #.


You could see 3 yaks, 3 howler monkeys, an orc and 2 jackals.

Vanquished Creatures
  Grinder (D:5)
  Eustachio (D:6)
  Sigmund (D:3)
  3 yaks
  A basilisk (D:8)
  3 black bears (D:9)
  4 ice beasts
  An orc warrior (D:8)
  2 sky beasts (D:8)
  2 phantoms
  A necrophage (D:9)
  8 ogres
  Blork the orc (D:5)
  3 giant frogs
  A scorpion (D:8)
  A wyvern skeleton (D:8)
  An electric eel (D:8)
  3 wights (D:6)
  2 howler monkeys (D:4)
  4 crimson imps
  A centaur zombie (D:7)
  4 hounds
  2 jellies (D:7)
  2 giant frog zombies
  3 giant frog skeletons
  2 orc priests (D:5)
  3 centaur skeletons
  2 iguanas
  9 orc wizards
  5 worker ants
  2 hound zombies
  A hound skeleton (D:6)
  7 adders
  An adder zombie (D:5)
  An adder skeleton (D:4)
  6 worms
  2 dart slugs
  4 giant geckos
  15 orcs
  6 giant cockroaches
  6 goblins
  3 hobgoblins
  3 kobolds
  7 quokkas
  2 bats
  6 giant newts
  A jackal skeleton (D:5)
  A quokka skeleton (D:5)
  3 quokka zombies
  6 rats
160 creatures vanquished.

Notes
Turn   | Place    | Note
--------------------------------------------------------------
     0 | D:1      | Heedrag the Deep Elf Conjurer began the quest for the Orb.
     0 | D:1      | Reached XP level 1. HP: 10/10 MP: 6/6
    73 | D:1      | You fall through a shaft!
   367 | D:2      | Reached XP level 2. HP: 15/15 MP: 1/8
   496 | D:2      | Reached skill level 5 in Conjurations
   982 | D:2      | Reached XP level 3. HP: 16/19 MP: 0/10
  1239 | D:3      | Noticed Sigmund
  1615 | D:3      | Reached XP level 4. HP: 19/24 MP: 3/12
  1673 | D:3      | Learned a level 4 spell: Iskenderun's Mystic Blast
  1908 | D:3      | Found an iron altar of Okawaru.
  2261 | D:4      | Reached skill level 6 in Conjurations
  2360 | D:4      | Reached XP level 5. HP: 27/28 MP: 9/13
  2383 | D:4      | Learned a level 5 spell: Iskenderun's Battlesphere
  2480 | D:4      | Reached skill level 1 in Charms
  2681 | D:4      | Found a staircase to the Ecumenical Temple.
  2682 | D:4      | Reached skill level 5 in Spellcasting
  2688 | Temple   | Entered the Ecumenical Temple
  2915 | D:4      | Reached XP level 6. HP: 32/32 MP: 6/15
  3003 | D:4      | Reached skill level 7 in Conjurations
  3255 | D:5      | Entered Level 5 of the Dungeon
  3919 | D:7      | Found a snail-covered altar of Cheibriados.
  4223 | D:6      | Reached XP level 7. HP: 24/36 MP: 7/17
  4481 | D:6      | Reached skill level 8 in Conjurations
  4717 | D:6      | Noticed a yak
  5016 | D:5      | Noticed Grinder
  5022 | D:5      | Killed Grinder
  5121 | D:5      | Noticed Blork the orc
  5128 | D:5      | Killed Blork the orc
  5128 | D:5      | Reached skill level 5 in Charms
  5223 | D:5      | Reached XP level 8. HP: 32/41 MP: 2/20
  5417 | D:5      | Reached skill level 9 in Conjurations
  5533 | D:5      | Found Yngysati's Serpentskin Sales.
  6144 | D:3      | Killed Sigmund
  6275 | D:6      | Noticed Eustachio
  6675 | D:6      | Reached skill level 1 in Fighting
  7155 | D:6      | Killed Eustachio
  7370 | D:7      | Found Raer's Magic Scroll Emporium.
  7393 | D:7      | Found an ancient bone altar of Kikubaaqudgha.
  7399 | D:7      | Reached skill level 10 in Conjurations
  7404 | D:7      | Found a glowing golden altar of the Shining One.
  7416 | D:7      | Found a sparkling altar of Nemelex Xobeh.
  7466 | D:7      | Reached XP level 9. HP: 48/48 MP: 16/23
  7520 | D:7      | Learned a level 4 spell: Force Lance
  8635 | D:8      | Reached skill level 5 in Dodging
  8804 | D:8      | Reached skill level 11 in Conjurations
  8815 | D:8      | Gained mutation: You occasionally shout uncontrollably at your foes. [mutagenic meat]
  8816 | D:8      | Gained mutation: You have a pair of small horns on your head. [mutagenic meat]
  8817 | D:8      | Gained mutation: You passively map a small area around you. [mutagenic meat]
  8818 | D:8      | Gained mutation: Your mind is acute. (Int +2) [mutagenic meat]
  8819 | D:8      | Gained mutation: Your body sometimes deteriorates upon taking damage. [mutagenic meat]
  8990 | D:8      | HP: 2/49 [electric eel/bolt of electricity (16)]
  9333 | D:9      | Reached XP level 10. HP: 44/56 MP: 4/25
  9994 | D:9      | Got a translucent whip
  9995 | D:9      | Identified the cursed +1 whip of the Egg {vamp, rElec rN+ Int+6} (You found it on level 9 of the Dungeon)
 10079 | D:10     | Entered Level 10 of the Dungeon
 10079 | D:10     | Found a staircase to the Orcish Mines.
 10108 | D:10     | HP: 2/56 [howler monkey (3)]
 10113 | D:9      | HP: 2/56 [jackal (1)]
 10117 | D:9      | Slain by a yak

Skill      XL: |  1  2  3  4  5  6  7  8  9 10 |
---------------+-------------------------------+-----
Conjurations   | 5 6 7 8 10 11 | 11.4
Spellcasting   | 4 5 6 8 9 |  9.9
Charms         | 2 3 5 7 8 9 |  9.0
Dodging        | 3 5 6 |  6.1
Fighting       | 1 3 |  3.4
Stealth        | |  2.4

Action                   |  1- 3 |  4- 6 |  7- 9 | 10-12 || total
-------------------------+-------+-------+-------+-------++-------
Melee: Dagger            |    18 |    14 |     2 |       ||    34
 Cast: Magic Dart        |    76 |   165 |   247 |    60 ||   548
       Iskenderun's Batt |       |       |    28 |     6 ||    34
  Use: Scroll            |       |       |       |     2 ||     2
       Potion            |       |       |       |     2 ||     2
  Eat: Chunk             |     2 |     8 |    26 |     4 ||    40
       Fruit             |       |       |     1 |       ||     1
       Beef jerky        |       |       |       |     2 ||     2
       Pizza             |       |       |       |     1 ||     1
Armor: Robe              |     6 |    10 |     6 |     4 ||    26
Dodge: Dodged            |    14 |    63 |    37 |    35 ||   149
